 Dungeon Crawl Stone Soup version 0.27.1 (webtiles) character file.

Game seed: 8840668098415332416

60874 Renzlar the Cleaver (level 15, 119/119 HPs)
             Began as a Gnoll Fighter on Sept 3, 2021.
             Was the Champion of Okawaru.
             Quit the game on level 5 of the Lair of Beasts on Sept 4, 2021.
             The game lasted 01:37:42 (25240 turns).

Renzlar the Cleaver (Gnoll Fighter)                Turns: 25240, Time: 01:37:43

Health: 119/119    AC: 16    Str: 28    XL:     15   Next: 1%
Magic:  28/28      EV: 12    Int:  8    God:    Okawaru [******]
Gold:   625        SH: 16    Dex: 13    Spells: 28/33 levels left

rFire    . . .     SeeInvis +   b - +0 war axe (elec)
rCold    . . .     Faith    .   F - +3 kite shield "Emash" {Int+2 SInv}
rNeg     + . .     Spirit   .   N - +0 chain mail {rPois}
rPois    +         Reflect  .   v - +1 hat {Will+}
rElec    .         Harm     .   R - +0 cloak
rCorr    +         Rampage  .   D - +0 pair of gloves of Fortification {rN+ rCorr Str+4 Int-4}
Will     ++...                  (no boots)
Stlth    +.........             (no amulet)
HPRegen  0.29/turn              k - +6 ring of strength
MPRegen  0.21/turn              n - +4 ring of slaying

@: studying Axes
A: fangs 1, strong nose, distributed training
a: Renounce Religion, Heroism, Finesse


You were on level 5 of the Lair of Beasts.
You worshipped Okawaru.
Okawaru was exalted by your worship.
You visited 3 branches of the dungeon, and saw 20 of its levels.
You also visited: Bailey and Ice Cave.

You collected 1985 gold pieces.
You spent 1360 gold pieces at shops.

Inventory:

Hand Weapons
 a - a +1 war axe of draining
 b - a +0 war axe of electrocution (weapon)
 c - a +0 hunting sling of freezing
 d - a +2 vampiric trident
 e - a +2 morningstar of freezing
 z - a +3 short sword of venom
Missiles
 g - 318 stones
 h - 143 sling bullets
 i - 157 bolts
 q - 44 poisoned darts (quivered)
 P - 3 throwing nets
Armour
 v - a +1 hat of willpower (worn)
 B - the +1 chain mail "Veise" {rC+ Regen+ Str-4 Int+4}
   (You found it on level 3 of the Lair of Beasts)

   Str:       It affects your strength (-4).
   Int:       It affects your intelligence (+4).
   rC:        It protects you from cold.
   Regen:     It increases your rate of health regeneration.
 D - the +0 pair of gloves of Fortification (worn) {rN+ rCorr Str+4 Int-4}
   (Okawaru gifted it to you on level 11 of the Dungeon)

   Str:       It affects your strength (+4).
   Int:       It affects your intelligence (-4).
   rN:        It protects you from negative energy.
   rCorr:     It protects you from acid and corrosion.
 F - the +3 kite shield "Emash" (worn) {Int+2 SInv}
   (You found it in a bailey)

   Int:       It affects your intelligence (+2).
   SInv:      It lets you see invisible.
 H - the +0 pair of gloves "Loent" {*Slow rC+ rN+ rCorr}
   (You found it on level 9 of the Dungeon)

   rC:        It protects you from cold.
   rN:        It protects you from negative energy.
   rCorr:     It protects you from acid and corrosion.
   *Slow:     It may slow you when you take damage.
 M - a +1 chain mail of cold resistance
 N - a +0 chain mail of poison resistance (worn)
 R - a +0 cloak (worn)
Jewellery
 k - a +6 ring of strength (left hand)
 n - a +4 ring of slaying (right hand)
 s - a ring of protection from cold
 t - a ring of willpower
 x - a ring of protection from fire
 A - a ring of resist corrosion
 T - a ring of ice
 V - the ring "Qufi Qio" {rPois rC++ rN+ Str-5 SInv}
   (You found it on level 5 of the Lair of Beasts)

   [ring of positive energy]

   Str:       It affects your strength (-5).
   rC:        It greatly protects you from cold.
   rPois:     It protects you from poison.
   rN:        It protects you from negative energy.
   SInv:      It lets you see invisible.
Wands
 f - a wand of flame (21)
 o - a wand of digging (6)
 p - a wand of charming (6)
 C - a wand of acid (20)
 I - a wand of paralysis (29)
 J - a wand of iceblast (15)
 O - a wand of polymorph (2)
 S - a wand of mindburst (9)
Scrolls
 l - 2 scrolls of holy word
 r - 8 scrolls of teleportation
 y - 5 scrolls of amnesia
 E - 5 scrolls of blinking
 K - 3 scrolls of identify
 L - 4 scrolls of magic mapping
 U - a scroll of fear
 Y - 2 scrolls of fog
Potions
 j - 3 potions of heal wounds
 m - 2 potions of haste
 u - 2 potions of magic
 w - 12 potions of curing
 G - 3 potions of might
 Q - 2 potions of invisibility
 W - 2 potions of flight
 X - a potion of mutation {unknown}


   Skills:
 + Level 11.5 Fighting
 + Level 9.7 Short Blades
 + Level 9.7 Long Blades
 + Level 11.7 Axes
 + Level 9.7 Maces & Flails
 + Level 9.7 Polearms
 + Level 9.7 Staves
 + Level 9.7 Slings
 + Level 9.7 Bows
 + Level 9.7 Crossbows
 + Level 9.7 Throwing
 + Level 11.5 Armour
 + Level 9.7 Dodging
 + Level 9.7 Stealth
 + Level 11.5 Shields
 + Level 9.7 Unarmed Combat
 + Level 9.7 Spellcasting
 + Level 8.1 Conjurations
 + Level 8.1 Hexes
 + Level 8.1 Summonings
 + Level 8.1 Necromancy
 + Level 8.1 Translocations
 + Level 8.1 Transmutations
 + Level 8.1 Fire Magic
 + Level 8.1 Ice Magic
 + Level 8.1 Air Magic
 + Level 8.1 Earth Magic
 + Level 8.1 Poison Magic
 + Level 10.5 Invocations
 + Level 9.7 Evocations


You had 28 spell levels left.
You knew the following spells:

 Your Spells              Type           Power      Damage    Failure   Level
a - Wereblood             Tmut           16%        N/A       5%          2
b - Stone Arrow           Conj/Erth      32%        3d9       11%         3

Your spell library contained the following spells:

 Spells                   Type           Power      Damage    Failure   Level
 Passwall                 Tmut/Erth      13%        N/A       5%          2
 Sublimation of Blood     Necr           8%         N/A       5%          2
 Swiftness                Air            16%        N/A       11%         3
 Tukima's Dance           Hex            16%        N/A       11%         3
 Animate Armour           Summ/Erth      32%        N/A       36%         4
 Animate Dead             Necr           8%         N/A       36%         4
 Passage of Golubria      Tloc           N/A        N/A       36%         4
 Fireball                 Conj/Fire      8%         3d6       71%         5
 Freezing Cloud           Conj/Ice/Air   8%         6-21      71%         5
 Iskenderun's Battlesphe  Conj           16%        2d7       71%         5
 Yara's Violent Unravell  Hex/Tmut       8%         3d5       71%         5
 Conjure Ball Lightning   Conj/Air       8%         3x3d6     99%         6
 Invisibility             Hex            8%         N/A       99%         6
 Simulacrum               Ice/Necr       8%         N/A       99%         6
 Haunt                    Necr/Summ      8%         N/A       100%        7
 Orb of Destruction       Conj           8%         9d4       100%        7
 Summon Hydra             Summ           8%         N/A       100%        7
 Infestation              Necr           8%         N/A       100%        8
 Lehudib's Crystal Spear  Conj/Erth      8%         10d3      100%        8
 Polar Vortex             Ice            8%         N/A       100%        9


Dungeon Overview and Level Annotations

Branches:
Dungeon (13/15)            Temple (0/1) D:6            Lair (5/6) D:11
  Swamp (0/4) Lair:4        Snake (0/4) Lair:4          Orc (2/2) D:10
    Elf (0/3) Orc:2        Bailey (visited)           IceCv (visited)
  Slime: Lair:5-6    Vaults: D:13-14

Altars:
Dithmenos
Fedhas
Gozag
Hepliaklqana
Nemelex Xobeh
Okawaru
Qazlal
Ru
Sif Muna
Trog
Uskayaw
Vehumet
Xom
Yredelemnul
The Shining One

Shops:
Orc:1 *   Orc:2 **:?


Innate Abilities, Weirdness & Mutations

You have very sharp teeth.
Your uncanny sense of smell can sniff out nearby items.
Your experience applies equally to all skills.


Message History

The cane toad is lightly wounded.
You shoot a stone. The stone hits the cane toad.
The stone freezes the cane toad.
The cane toad is lightly wounded.
You shoot a stone. The stone hits the cane toad.
The cane toad seems to slow down.
The stone freezes the cane toad.
The cane toad is moderately wounded.
You shoot a stone. The stone hits the cane toad!
The stone freezes the cane toad.
The cane toad is severely wounded.
Your +0 hunting sling of freezing stops glowing.
You hear the crackle of electricity.
b - a +0 war axe of electrocution (weapon)
You slash the cane toad!
You kill the cane toad!
Okawaru accepts your kill.
Your +0 war axe of electrocution stops crackling.
Your +0 hunting sling of freezing is covered in frost.
c - a +0 hunting sling of freezing (weapon)
You see here a cane toad corpse.
g - 316 stones (gained 1)
g - 317 stones (gained 1)
g - 318 stones (gained 1)
Found 19 gold pieces.
You now have 625 gold pieces (gained 19).
There is a stone staircase leading down here.
You see here a +0 leather armour.
There is a stone staircase leading down here.
You see here a cane toad corpse.
There is a stone staircase leading down here.
There is a stone staircase leading up here.
Done exploring.
Saving game... please wait.
Welcome back, Renzlar the Gnoll Fighter.
Okawaru says: Bring me glory in combat!
Press ? for a list of commands and other information.
Your +0 hunting sling of freezing stops glowing.
You hear the crackle of electricity.
b - a +0 war axe of electrocution (weapon)
Are you sure you want to abandon this character and quit the game? (Confirm with "yes".)

#### ### #.##
####.###########..
#@#.#....#.#..#...
##................
##..####.##...#.P
#..## ###.##...#
##..# ###..##.
#...# ##..##
##..## #....P
#....# ##....
###..# ##.###


There were no monsters in sight!

Vanquished Creatures
  Gastronok (D:11)
  Nessos (Orc:2)
  Josephine (Lair:5)
  The ghost of Cataline the Cleaver, a journeyman MiAK of Lugonu (Lair:1)
  A catoblepas (Lair:4)
  2 boulder beetles
  3 hydras
  6 death yaks (Lair:5)
  6 two-headed ogres
  4 orc high priests (Orc:2)
  Nergalle (Lair:4)
  A bog body (IceCv)
  Pikel (D:5)
  A necromancer (IceCv)
  2 orc knights (Orc:1)
  An orc sorcerer (Orc:2)
  3 oklob plants (Lair:4)
  An ugly thing (D:12)
  A manticore (D:12)
  A cyclops (D:11)
  2 black mambas
  2 ice statues (IceCv)
  9 cane toads
  9 komodo dragons
  2 anaconda simulacra (IceCv)
  2 rime drakes
  8 ice devils (IceCv)
  2 entropy weaver simulacra (IceCv)
  5 polar bears
  6 trolls
  8 blink frogs (Lair:4)
  Prince Ribbit (D:7)
  5 wraiths (Lair:5)
  A shadow (D:10)
  A wyvern (shapeshifter) (D:12)
  36 yaks
  Eustachio (D:6)
  4 wyverns
  3 dire elephant simulacra (IceCv)
  2 basilisks
  4 steam dragons
  14 vampire mosquitoes
  4 nagas (Lair:4)
  3 harpy simulacra (IceCv)
  2 wargs
  An acid dragon (D:10)
  12 water moccasins
  22 orc warriors
  A sky beast (D:7)
  41 wolves
  6 black bears
  4 ogres
  10 centaurs
  2 lemures (D:5)
  A phantom (D:5)
  Blork the orc (D:4)
  A wyvern zombie (D:6)
  4 scorpions
  13 bullfrogs
  A gnoll sergeant (D:8)
  2 water moccasin zombies (D:6)
  6 killer bees
  2 elephant simulacra
  4 howler monkeys
  A bullfrog zombie (D:7)
  5 centaur zombies
  A centaur skeleton (D:7)
  28 orc priests
  2 hounds
  2 jellies (D:6)
  A gnoll shaman (D:6)
  7 iguanas
  27 orc wizards
  2 wolf simulacra (Lair:3)
  Robin (D:4)
  A howler monkey zombie (D:9)
  3 adders
  13 gnolls
  2 naga simulacra (IceCv)
  2 white imps (D:5)
  3 ufetubi
  4 dart slugs
  67 orcs
  9 ball pythons
  3 bats
  4 endoplasms
  4 giant cockroaches
  21 goblins
  6 hobgoblins
  11 jackals
  8 kobolds
  6 quokkas
  2 frilled lizards
  2 quokka skeletons (D:4)
  6 rats
563 creatures vanquished.

Vanquished Creatures (others)
  A wizard (D:6)
  An orc wizard (D:5)
  37 fungi
  34 plants
  2 withered plants (Lair:1)
75 creatures vanquished.

Grand Total: 638 creatures vanquished

Notes
Turn   | Place    | Note
-------+----------+-------------------------------------------
     0 | D:1      | Renzlar the Gnoll Fighter began the quest for the Orb.
     0 | D:1      | Reached XP level 1. HP: 23/23 MP: 1/1
    52 | D:1      | Reached XP level 2. HP: 27/29 MP: 2/2
   183 | D:1      | Reached XP level 3. HP: 29/35 MP: 3/3
   830 | D:1      | Reached skill level 1 in Invocations
  1151 | D:2      | Reached skill level 1 in Short Blades
  1151 | D:2      | Reached skill level 1 in Long Blades
  1151 | D:2      | Reached skill level 1 in Maces & Flails
  1151 | D:2      | Reached skill level 1 in Polearms
  1151 | D:2      | Reached skill level 1 in Staves
  1151 | D:2      | Reached skill level 1 in Slings
  1151 | D:2      | Reached skill level 1 in Bows
  1151 | D:2      | Reached skill level 1 in Crossbows
  1151 | D:2      | Reached skill level 1 in Throwing
  1151 | D:2      | Reached skill level 1 in Dodging
  1151 | D:2      | Reached skill level 1 in Stealth
  1151 | D:2      | Reached skill level 1 in Unarmed Combat
  1151 | D:2      | Reached skill level 1 in Spellcasting
  1151 | D:2      | Reached skill level 1 in Evocations
  1178 | D:1      | Reached XP level 4. HP: 40/41 MP: 5/5
  1209 | D:2      | Reached skill level 1 in Conjurations
  1209 | D:2      | Reached skill level 1 in Hexes
  1209 | D:2      | Reached skill level 1 in Summonings
  1209 | D:2      | Reached skill level 1 in Necromancy
  1209 | D:2      | Reached skill level 1 in Translocations
  1209 | D:2      | Reached skill level 1 in Transmutations
  1209 | D:2      | Reached skill level 1 in Fire Magic
  1209 | D:2      | Reached skill level 1 in Ice Magic
  1209 | D:2      | Reached skill level 1 in Air Magic
  1209 | D:2      | Reached skill level 1 in Earth Magic
  1209 | D:2      | Reached skill level 1 in Poison Magic
  1232 | D:2      | Found a faded altar of an unknown god.
  1307 | D:2      | Found a shadowy altar of Dithmenos.
  1662 | D:3      | Found an iron altar of Okawaru.
  1676 | D:3      | Became a worshipper of Warmaster Okawaru
  1771 | D:3      | Reached XP level 5. HP: 38/47 MP: 5/7
  2433 | D:4      | Noticed a black bear
  2445 | D:4      | Killed a black bear
  2445 | D:4      | Reached * piety under Okawaru
  2446 | D:4      | Reached skill level 5 in Axes
  2446 | D:4      | Reached XP level 6. HP: 51/53 MP: 8/8
  2599 | D:4      | Noticed Blork the orc
  2605 | D:4      | Killed Blork the orc
  2606 | D:4      | Reached XP level 7. HP: 59/59 MP: 10/10
  2903 | D:4      | Noticed Robin
  2913 | D:4      | Killed Robin
  3211 | D:5      | Entered Level 5 of the Dungeon
  3331 | D:5      | Found a glowing golden altar of the Shining One.
  3364 | D:5      | Reached ** piety under Okawaru
  3437 | D:5      | Found a sparkling altar of Nemelex Xobeh.
  3510 | D:5      | Reached XP level 8. HP: 67/67 MP: 12/12
  3891 | D:5      | Noticed a troll
  3898 | D:5      | Killed a troll
  4571 | D:6      | Noticed Pikel
  4578 | D:6      | Noticed a yak
  4718 | D:5      | Killed Pikel
  4718 | D:5      | Reached *** piety under Okawaru
  4719 | D:5      | Reached XP level 9. HP: 55/74 MP: 12/15
  4861 | D:6      | Noticed a two-headed ogre
  4868 | D:5      | Killed a two-headed ogre
  4868 | D:5      | Reached **** piety under Okawaru
  4868 | D:5      | Received a gift from Okawaru
  4869 | D:5      | Reached skill level 5 in Invocations
  5125 | D:6      | Found a hide-covered altar of Uskayaw.
  5208 | D:6      | Found a staircase to the Ecumenical Temple.
  5274 | D:6      | Found a bloodstained altar of Trog.
  5275 | D:6      | Noticed a wizard
  5281 | D:6      | Killed a wizard
  5762 | D:6      | Reached XP level 10. HP: 73/80 MP: 17/17
  5828 | D:6      | Noticed Eustachio
  5840 | D:6      | Killed Eustachio
  6326 | D:7      | Found a sacrificial altar of Ru.
  6415 | D:7      | Reached skill level 5 in Short Blades
  6415 | D:7      | Reached skill level 5 in Long Blades
  6415 | D:7      | Reached skill level 5 in Maces & Flails
  6415 | D:7      | Reached skill level 5 in Polearms
  6415 | D:7      | Reached skill level 5 in Staves
  6415 | D:7      | Reached skill level 5 in Slings
  6415 | D:7      | Reached skill level 5 in Bows
  6415 | D:7      | Reached skill level 5 in Crossbows
  6415 | D:7      | Reached skill level 5 in Throwing
  6415 | D:7      | Reached skill level 5 in Dodging
  6415 | D:7      | Reached skill level 5 in Stealth
  6415 | D:7      | Reached skill level 5 in Unarmed Combat
  6415 | D:7      | Reached skill level 5 in Spellcasting
  6415 | D:7      | Reached skill level 5 in Evocations
  6527 | D:7      | Found an opulent altar of Gozag.
  6535 | D:7      | Found a shimmering blue altar of Sif Muna.
  6684 | D:7      | Found a hazy altar of Hepliaklqana.
  6684 | D:7      | Found a shimmering altar of Xom.
  6872 | D:7      | Noticed Prince Ribbit
  6895 | D:7      | Killed Prince Ribbit
  7710 | D:8      | Found a flagged portal.
  7721 | Bailey   | Entered a bailey
  7859 | Bailey   | Reached ***** piety under Okawaru
  8433 | Bailey   | Identified the +3 kite shield "Emash" {Int+2 SInv}
  9701 | D:8      | Noticed a two-headed ogre
  9713 | D:8      | Killed a two-headed ogre
  9714 | D:8      | Reached XP level 11. HP: 66/87 MP: 16/19
  9952 | D:9      | Identified the +0 pair of gloves "Loent" {*Slow rC+ rN+
                  | rCorr}
 10448 | D:9      | Reached skill level 5 in Conjurations
 10448 | D:9      | Reached skill level 5 in Hexes
 10448 | D:9      | Reached skill level 5 in Summonings
 10448 | D:9      | Reached skill level 5 in Necromancy
 10448 | D:9      | Reached skill level 5 in Translocations
 10448 | D:9      | Reached skill level 5 in Transmutations
 10448 | D:9      | Reached skill level 5 in Fire Magic
 10448 | D:9      | Reached skill level 5 in Ice Magic
 10448 | D:9      | Reached skill level 5 in Air Magic
 10448 | D:9      | Reached skill level 5 in Earth Magic
 10448 | D:9      | Reached skill level 5 in Poison Magic
 10644 | D:10     | Entered Level 10 of the Dungeon
 10817 | D:10     | You fall into a shaft and drop 3 floors!
 10817 | D:13     | Noticed a skeletal warrior
 10950 | D:12     | Found a radiant altar of Vehumet.
 11130 | D:11     | Found a stormy altar of Qazlal.
 11220 | D:11     | Noticed a two-headed ogre
 11229 | D:11     | Killed a two-headed ogre
 11242 | D:11     | Noticed a two-headed ogre
 11253 | D:11     | Killed a two-headed ogre
 11424 | D:11     | Identified the +0 pair of gloves of Fortification {rN+
                  | rCorr Str+4 Int-4} (Okawaru gifted it to you on level 11 of
                  | the Dungeon)
 11424 | D:11     | Received a gift from Okawaru
 11472 | D:11     | Noticed Gastronok
 11497 | D:11     | Killed Gastronok
 11694 | D:11     | Noticed a cyclops
 11703 | D:11     | Killed a cyclops
 11924 | D:11     | Found a staircase to the Lair.
 12280 | D:11     | Identified the +3 leather armour "Konirghu" {rElec}
 12404 | D:10     | Found a staircase to the Orcish Mines.
 12488 | D:10     | Reached XP level 12. HP: 79/96 MP: 22/22
 12787 | D:10     | Found a blossoming altar of Fedhas.
 12862 | D:10     | Noticed a boulder beetle
 12877 | D:10     | Killed a boulder beetle
 13133 | D:10     | You fall into a shaft and drop 3 floors!
 13379 | D:10     | Found a basalt altar of Yredelemnul.
 13573 | D:12     | Noticed a two-headed ogre
 13580 | D:12     | Killed a two-headed ogre
 13795 | D:12     | Received a gift from Okawaru
 14656 | Orc:1    | Entered Level 1 of the Orcish Mines
 14656 | Orc:1    | Found Suiz's Mass Market.
 14859 | Orc:2    | Entered Level 2 of the Orcish Mines
 14872 | Orc:2    | Noticed a two-headed ogre
 14880 | Orc:2    | Killed a two-headed ogre
 14962 | Orc:1    | Reached skill level 10 in Fighting
 14962 | Orc:1    | Reached skill level 10 in Armour
 14962 | Orc:1    | Reached skill level 10 in Shields
 15366 | Orc:2    | Noticed an orc high priest
 15378 | Orc:2    | Killed an orc high priest
 15378 | Orc:2    | Received a gift from Okawaru
 15536 | Orc:2    | Noticed Nessos
 15551 | Orc:2    | Killed Nessos
 15551 | Orc:2    | Received a gift from Okawaru
 15838 | Orc:2    | Found a staircase to the Elven Halls.
 16545 | Orc:2    | Reached XP level 13. HP: 103/103 MP: 24/24
 17010 | Orc:2    | Found Axzomnu's Assorted Antiques.
 17010 | Orc:2    | Found Zotterig's General Store.
 17011 | Orc:2    | Found Dud Zuar's Magic Scroll Shop.
 17015 | Orc:2    | Found Unutrall's Book Shop.
 17024 | Orc:2    | Bought a manual of Axes for 1360 gold pieces
 17176 | Lair:1   | Entered Level 1 of the Lair of Beasts
 17645 | Lair:1   | Found a runed translucent door.
 17645 | Lair:1   | Noticed Cataline's ghost (journeyman MiAK)
 17669 | Lair:1   | Killed Cataline's ghost
 18137 | Lair:2   | Reached ****** piety under Okawaru
 18798 | Lair:2   | Learned a level 2 spell: Wereblood
 18802 | Lair:2   | Learned a level 3 spell: Stone Arrow
 18947 | Lair:1   | Received a gift from Okawaru
 19084 | Lair:2   | Reached skill level 10 in Axes
 19088 | Lair:2   | Received a gift from Okawaru
 19287 | Lair:2   | Received a gift from Okawaru
 19851 | Lair:2   | Received a gift from Okawaru
 20036 | Lair:2   | Found a hide-covered altar of Uskayaw.
 20394 | Lair:3   | Found a frozen archway.
 20394 | Lair:3   | Identified the +1 chain mail "Veise" {rC+ Regen+ Str-4
                  | Int+4}
 20591 | IceCv    | Entered an ice cave
 20741 | IceCv    | Reached XP level 14. HP: 91/111 MP: 26/26
 20958 | IceCv    | Received a gift from Okawaru
 21973 | Lair:4   | Noticed Nergalle
 21986 | Lair:4   | Killed Nergalle
 22408 | Lair:4   | Received a gift from Okawaru
 22511 | Lair:4   | Reached skill level 10 in Invocations
 22511 | Lair:4   | Found a staircase to the Snake Pit.
 23075 | Lair:4   | Found a staircase to the Swamp.
 23187 | Lair:4   | Received a gift from Okawaru
 23976 | Lair:5   | Identified the +6 hand axe of Certain Death {antimagic,
                  | Contam rCorr Dex+7 SInv}
 23977 | Lair:5   | Identified the ring "Qufi Qio" {rPois rC++ rN+ Str-5 SInv}
 24332 | Lair:5   | Received a gift from Okawaru
 24398 | Lair:5   | Noticed Josephine
 24410 | Lair:5   | Killed Josephine
 24413 | Lair:5   | Identified the +0 helmet of Untold Secrets {Harm +Inv rF-
                  | Str+3} (Okawaru gifted it to you on level 5 of the Lair of
                  | Beasts)
 24413 | Lair:5   | Received a gift from Okawaru
 24778 | Lair:5   | Reached XP level 15. HP: 119/119 MP: 28/28
 25240 | Lair:5   | Quit the game

Illustrated notes

Levels and vault maps discovered:
D:1:      dpeg_arrival_concentric_ovals, layout_basic, chequers_mini_garden,
          minmay_pentomino_p4
D:2:      layout_basic, shapermc_ecumenical_altar_pompeii, basic_altar
D:3:      layout_rooms, kennysheep_okawaru_gauntlet
D:4:      layout_gridville, uniq_blork_the_orc, uniq_robin
D:5:      kb_forest_paths, layout_basic, nicolae_tso_swordbearing_angel,
          nemelex_diamond_rough_becter
D:6:      layout_basic, nicolae_uskayaw_murder_on_the_dancefloor, trog_wizard,
          minmay_temple_entry_overgrown, kb_rosetta, uniq_eustachio, uniq_pikel
D:7:      layout_gridville, hangedman_ru_absence,
          nicolae_overflow_hidden_temple, uniq_prince_ribbit1
D:8:      cheibrodos_two_vegetables, layout_loops_ring, enter_bailey_3
D:9:      layout_gridville
D:10:     layout_irregular_city, lemuel_coloured_pillars_altar,
          mainiacjoe_overflow_alcove_2, amcnicky_mini_corridor_feature,
          minmay_crystal_water, kennysheep_path_1
D:11:     layout_rooms, david_lair_shrubbed, grunt_qazlal_clouds, uniq_gastronok
D:12:     layout_roguey, fiery_altar_vehumet
D:13:     layout_cave_pools, serial_shops, nicolae_inconvenience_store
Lair:1:   layout_gridlike, gammafunk_ghost_grave
Lair:2:   layout_regular_city, basic_altar, st_stairs_10, fungi_pond_lemuel,
          grunt_forest_large_clearings
Lair:3:   layout_gridlike, portal_ice_cave_entry_ice_simulacra,
          lemuel_fruit_tree
Lair:4:   layout_loops_ring, minmay_swamp_entry_reptiles,
          minmay_snake_entry_guardpost_medium, beast_lair_carwin_3,
          lemuel_fruit_fields, minmay_lair_oklob_chamber, uniq_nergalle
Lair:5:   layout_loops_ring, uniq_josephine
Orc:1:    layout_diamond_mine, minmay_shop_mass
Orc:2:    st_orc_mages, layout_caves, uniq_nessos

Skill      XL: |  1  2  3  4  5  6  7  8  9 10 11 12 13 14 |
---------------+-------------------------------------------+-----
Invocations    | 1 2 3 4 5 6 7 8 9 10 | 10.5
Short Blades   | 1 2 4 5 6 7 8 9 |  9.7
Long Blades    | 1 2 4 5 6 7 8 9 |  9.7
Maces & Flails | 1 2 4 5 6 7 8 9 |  9.7
Polearms       | 1 2 4 5 6 7 8 9 |  9.7
Staves         | 1 2 4 5 6 7 8 9 |  9.7
Slings         | 1 2 4 5 6 7 8 9 |  9.7
Bows           | 1 2 4 5 6 7 8 9 |  9.7
Crossbows      | 1 2 4 5 6 7 8 9 |  9.7
Throwing       | 1 2 4 5 6 7 8 9 |  9.7
Dodging        | 1 2 4 5 6 7 8 9 |  9.7
Stealth        | 1 2 4 5 6 7 8 9 |  9.7
Unarmed Combat | 1 2 4 5 6 7 8 9 |  9.7
Spellcasting   | 1 2 4 5 6 7 8 9 |  9.7
Evocations     | 1 2 4 5 6 7 8 9 |  9.7
Conjurations   | 1 2 3 4 5 6 7 8 |  8.1
Hexes          | 1 2 3 4 5 6 7 8 |  8.1
Summonings     | 1 2 3 4 5 6 7 8 |  8.1
Necromancy     | 1 2 3 4 5 6 7 8 |  8.1
Translocations | 1 2 3 4 5 6 7 8 |  8.1
Transmutations | 1 2 3 4 5 6 7 8 |  8.1
Fire Magic     | 1 2 3 4 5 6 7 8 |  8.1
Ice Magic      | 1 2 3 4 5 6 7 8 |  8.1
Air Magic      | 1 2 3 4 5 6 7 8 |  8.1
Earth Magic    | 1 2 3 4 5 6 7 8 |  8.1
Poison Magic   | 1 2 3 4 5 6 7 8 |  8.1
Axes           | 5 6 7 8 9 10 11 | 11.7
Fighting       | 7 8 9 10 11 | 11.5
Armour         | 7 8 9 10 11 | 11.5
Shields        | 7 8 9 10 11 | 11.5

Action                   |  1- 3 |  4- 6 |  7- 9 | 10-12 | 13-15 || total
-------------------------+-------+-------+-------+-------+-------++-------
Melee: War axe           |    87 |    75 |    88 |   168 |   562 ||   980
       Short sword       |    14 |     1 |       |    63 |       ||    78
       Bite              |    10 |     8 |    13 |    59 |    90 ||   180
       Hand axe          |       |       |     8 |   184 |       ||   192
       Trident           |       |       |       |    22 |     8 ||    30
       Morningstar       |       |       |       |       |    14 ||    14
 Fire: Hunting sling     |    10 |    50 |   114 |   335 |   423 ||   932
Throw: Throwing net      |       |       |       |     1 |       ||     1
       Dart              |       |       |       |     9 |     2 ||    11
 Cast: Wereblood         |       |       |       |       |     4 ||     4
Invok: Heroism           |       |       |     4 |     5 |     2 ||    11
Evoke: Wand              |       |     2 |       |     7 |     2 ||    11
  Use: Scroll            |     3 |     5 |     4 |     5 |     8 ||    25
       Potion            |       |       |     1 |     2 |     1 ||     4
 Stab: Held in net/web   |       |       |       |     4 |       ||     4
       Petrified         |       |       |       |       |     5 ||     5
       Petrifying        |       |       |       |       |     1 ||     1
Armor: Scale mail        |    40 |    18 |       |       |       ||    58
       Chain mail        |       |    29 |    64 |   150 |   204 ||   447
Dodge: Dodged            |    26 |    26 |    42 |   149 |   233 ||   476
Block: Kite shield       |    60 |    36 |    82 |   383 |   490 ||  1051
